 Dungeon Crawl Stone Soup version 0.20-a0-15-g26ddc15 (webtiles) character file.

125944 GordonOverkill the Shatterer (level 16, -4/169 HPs)
             Began as an Ogre Hunter on Nov 3, 2016.
             Was the Champion of Trog.
             Killed by Shatter
             ... invoked by Jorgrun
              (104 damage)
             ... on level 3 of the Swamp.
             The game lasted 01:34:32 (31435 turns).

GordonOverkill the Shatterer (Ogre Hunter)         Turns: 31435, Time: 01:34:33

Health: -4/169     AC: 25    Str: 23    XL:     16   Next: 97%
Magic:  16/16      EV:  1    Int: 10    God:    Trog [******]
Gold:   1282       SH:  0    Dex: 13    Spells: 0 memorised, 15 levels left

rFire  + . .     SeeInvis .     p - +8 giant spiked club (crush)
rCold  + . .     Gourm    .     b - +7 swamp dragon scales
rNeg   + + +     Faith    .     (shield currently unavailable)
rPois  ∞         Spirit   .     F - +1 hat
rElec  .         Reflect  .     v - +2 cloak {rC+}
rCorr  .         Harm     .     (gloves unavailable)
MR     +....                    (boots unavailable)
Stlth  +.........               m - amulet of regeneration
                                a - ring of protection from fire
                                y - +3 ring of protection

@: petrified
A: unfitting armour, tough skin 1
a: Berserk, Trog's Hand, Brothers in Arms, Burn Spellbooks, Renounce Religion


You were on level 3 of the Swamp.
You worshipped Trog.
Trog was exalted by your worship.
You were not hungry.

You visited 5 branches of the dungeon, and saw 27 of its levels.
You also visited: Ossuary and Ice Cave.

You collected 3199 gold pieces.
You spent 1917 gold pieces at shops.

Inventory:

Hand Weapons
 d - a +5 antimagic giant club
 p - a +8 giant spiked club of crushing (weapon)
Missiles
 c - 26 large rocks (quivered)
Armour
 b - +7 swamp dragon scales (worn)
 j - a +2 cloak
 v - a +2 cloak of cold resistance (worn)
 F - a +1 hat (worn)
Jewellery
 a - a ring of protection from fire (right hand)
 m - an amulet of regeneration (around neck)
 t - a +2 ring of slaying
 y - a +3 ring of protection (left hand)
 z - an uncursed ring of see invisible
 E - an uncursed ring of protection from cold
 S - the ring "Qoumner" {+Fly rElec MR- Int+5}
   (You found it on level 2 of the Lair of Beasts)

   [ring of flight]

   It affects your intelligence (+5).
   It insulates you from electricity.
   It affects your resistance to hostile enchantments.
   It lets you fly.
Wands
 i - a wand of digging (11/24)
 B - a wand of iceblast (7/15)
 I - a wand of disintegration (17/24)
 X - a wand of hasting (9/9)
 Z - a wand of disintegration (15/24)
Scrolls
 e - 3 scrolls of teleportation
 g - a scroll of blinking
 o - a scroll of magic mapping
 q - a scroll of silence
 w - 8 scrolls of remove curse
 x - 2 scrolls of enchant armour
 K - a scroll of identify
 O - 2 scrolls of fog
 P - 3 scrolls of fear
Potions
 h - 3 potions of cure mutation
 k - 4 potions of cancellation
 l - 9 potions of heal wounds
 r - 10 potions of curing
 s - 10 potions of lignification
 u - a potion of haste
 A - 5 potions of invisibility
 C - a potion of ambrosia
 D - 3 potions of agility
 H - 3 potions of resistance
 J - 7 potions of might
Comestibles
 f - 14 bread rations
 n - 7 meat rations
 G - 6 chunks of flesh


   Skills:
 - Level 13.0 Fighting
 + Level 26.2 Maces & Flails
 - Level 5.0 Throwing
 + Level 10.7 Armour
 - Level 12.0 Dodging
 - Level 0.6 Stealth


You had 15 spell levels left.
You didn't know any spells.

Dungeon Overview and Level Annotations

Branches:
Dungeon (15/15)            Temple (1/1) D:4            Lair (6/6) D:11
  Swamp (3/4) Lair:4        Snake (0/4) Lair:4        Slime (0/5) Lair:5
    Orc (2/2) D:10            Elf (0/3) Orc:2        Vaults (0/5) D:14
 Depths (0/5) D:15

Altars:
Ashenzari
Cheibriados
Dithmenos
Elyvilon
Fedhas
Gozag
Hepliaklqana
Kikubaaqudgha
Makhleb
Nemelex Xobeh
Okawaru
Qazlal
Ru
Sif Muna
Trog
Uskayaw
Vehumet
Xom
Yredelemnul
Zin
The Shining One
Beogh
Jiyva

Shops:
D:6 :   D:10 [   Orc:2 !%![:

Annotations:
D:6 Wizop's ghost, novice TeCj
D:10 6 exclusions
D:11 Sonja
Swamp:3 Jorgrun


Innate Abilities, Weirdness & Mutations

You are too large for most types of armour.
You have tough skin. (AC +1)


Message History

Moving in this stuff is going to be slow.
Jorgrun gestures at you while chanting.
You are slowing down.
Your limbs are stiffening.
You sock Jorgrun!
Jorgrun is lightly wounded.
Jorgrun hits you with a quarterstaff of crushing!
You impale Jorgrun!!
Jorgrun is heavily wounded.
Jorgrun gestures wildly while chanting.
The dungeon rumbles around Jorgrun!
You shudder from the earth-shattering force.
Ka-crash!
You have turned to stone.
Jorgrun hits you but does no damage.
Jorgrun gestures wildly while chanting.
The dungeon rumbles around Jorgrun!
You shudder from the earth-shattering force.
Ouch! That really hurt!
You die...

♣♣♣♣♣♣.♣....#≈♣...♣ *≈...≈♣♣≈≈***
.♣♣..≈...(..#....≈≈**,..,≈***,*
..≈.........#.≈..≈♣♣,..≈*≈,≈≈**
...≈#...##.#..♣≈..≈♣♣≈..***,≈*
♣≈.≈....≈.....≈≈≈≈♣≈≈♣≈♣* ****
...≈.≈........≈%.§..≈≈≈♣*
......).≈≈..≈..≈≈≈......****
≈.......≈.≈≈....$...≈≈≈§**,*****
≈....≈≈≈..≈§..≈≈@g.§.≈.≈,,≈,**≈**
≈........≈....≈≈.§......≈,≈,,≈,,*
≈.≈≈.≈....§...≈.≈.§..≈..,,≈,,,,**
♣.♣♣...≈.≈♣......≈≈≈♣♣.♣*,,*≈***
♣♣♣♣♣♣♣♣♣♣≈♣≈♣≈♣≈♣♣≈♣**♣******
♣♣≈♣♣♣≈♣♣ ♣♣ ♣♣ ♣


You could see Jorgrun.

Vanquished Creatures
  An Ice Fiend (IceCv)
  A thorn hunter (Swamp:2)
  Kirke (D:12)
  Donald (Orc:2)
  Roxanne (Swamp:1)
  Nessos (D:15)
  An ettin (Orc:2)
  9 hydras
  5 vault guards (D:14)
  A merfolk avatar (Lair:6)
  A ghost crab (Swamp:3)
  A centaur warrior (D:13)
  The ghost of max the Blocker, a novice MiFi of Trog (IceCv)
  6 alligators
  An ogre mage (D:9)
  12 death yaks
  4 orc high priests
  3 skeletal warriors (D:14)
  4 unseen horrors
  A swamp dragon (Swamp:1)
  2 wizards
  3 shambling mangroves
  4 lindwurms (Lair:6)
  6 orc knights
  10 hill giants
  2 harpies (Lair:6)
  A wolf spider (D:15)
  An orc sorcerer (Orc:2)
  An oklob plant (Lair:2)
  9 slime creatures
  3 ugly things
  A manticore (D:15)
  A cyclops (D:12)
  An ice statue (IceCv)
  6 black mambas
  A centaur zombie (D:14)
  Joseph (D:7)
  10 elephants
  10 spiny frogs
  2 torpor snails
  2 gargoyles
  7 rime drakes
  2 freezing wraiths (IceCv)
  2 anaconda simulacra (IceCv)
  2 yaktaurs
  13 komodo dragons
  6 ice devils (IceCv)
  5 polar bears
  A golden dragon simulacrum (IceCv)
  A tengu conjurer (D:14)
  13 trolls
  A tyrant leech (Swamp:2)
  3 meliai (D:15)
  A two-headed ogre (shapeshifter) (D:15)
  5 two-headed ogres
  15 hornets
  A wind drake (Lair:6)
  4 bog bodies
  4 dream sheep (Lair:5)
  14 blink frogs
  A meliai zombie (D:12)
  9 hippogriffs
  3 spriggans
  4 wraiths
  A shadow (D:13)
  9 wyverns
  2 vampires
  A dire elephant simulacrum (IceCv)
  2 hungry ghosts (D:12)
  2 basilisks (D:13)
  44 yaks
  3 humans
  3 hogs (D:12)
  Grum (D:11)
  A death yak simulacrum (IceCv)
  A swamp worm (shapeshifter) (Orc:2)
  4 harpy simulacra (IceCv)
  A soldier ant (D:14)
  8 swamp worms
  An iron troll simulacrum (IceCv)
  2 mottled dragons
  12 vampire mosquitoes
  3 wargs
  2 insubstantial wisps
  5 hydra simulacra (IceCv)
  24 water moccasins
  6 porcupines
  A swamp drake (Swamp:2)
  A meliai simulacrum (D:12)
  29 orc warriors
  4 sky beasts
  A black bear (D:11)
  An eye of draining (D:14)
  2 phantoms
  3 necrophages
  An ettin simulacrum (IceCv)
  A hornet zombie (D:7)
  8 ice beasts
  20 ogres
  21 wolves
  6 centaurs
  12 crocodiles
  4 big kobolds
  2 elf zombies (Ossuary)
  14 bullfrogs
  A wyvern zombie (D:11)
  A wyvern skeleton (D:14)
  4 scorpions
  10 killer bees
  A swamp dragon simulacrum (IceCv)
  An elephant simulacrum (IceCv)
  14 wights
  3 howler monkeys
  4 electric eels
  7 crimson imps
  3 bullfrog zombies (D:12)
  9 centaur skeletons
  8 hounds
  A human zombie (Ossuary)
  2 draconian simulacra (IceCv)
  24 orc priests
  17 orc wizards
  A bullfrog skeleton (D:10)
  2 iguanas
  10 worker ants
  5 troll simulacra (IceCv)
  A polar bear simulacrum (IceCv)
  2 wolf simulacra (IceCv)
  A centaur simulacrum (IceCv)
  2 hound zombies
  4 hound skeletons
  4 mummies (Ossuary)
  Robin (D:2)
  6 gnolls (D:2)
  2 worker ant zombies
  16 adders
  3 naga simulacra (IceCv)
  4 shadow imps
  4 white imps (IceCv)
  4 ufetubi (IceCv)
  An ooze (D:3)
  An adder zombie (Ossuary)
  3 worms
  A dart slug (D:2)
  5 leopard geckos
  89 orcs
  6 ball pythons
  4 giant cockroaches
  14 goblins
  4 hobgoblins
  6 jackals
  3 quokkas
  6 bats
  3 frilled lizards
  A goblin zombie (Ossuary)
  A hobgoblin zombie (Ossuary)
  3 jackal zombies (Ossuary)
  34 kobolds
  A kobold zombie (Ossuary)
  An orc zombie (Ossuary)
  A quokka skeleton (D:4)
  8 rats
  A rat zombie (Ossuary)
  3 plants
901 creatures vanquished.

Vanquished Creatures (collateral kills)
  A lindwurm (Lair:6)
1 creature vanquished.

Vanquished Creatures (others)
  2 orc sorcerers (Orc:2)
  4 insubstantial wisps (Swamp:3)
  2 orc wizards
  A hound skeleton (D:6)
  A white imp (IceCv)
  An ufetubus (IceCv)
  7 fungi
  16 plants
34 creatures vanquished.

Grand Total: 936 creatures vanquished

Notes
Turn   | Place    | Note
-------+----------+-------------------------------------------
     0 | D:1      | GordonOverkill the Ogre Hunter began the quest for the Orb.
     0 | D:1      | Reached XP level 1. HP: 22/22 MP: 1/1
   343 | D:1      | Reached XP level 2. HP: 29/31 MP: 2/2
   483 | D:1      | Reached skill level 1 in Maces & Flails
  1015 | D:2      | Reached XP level 3. HP: 28/39 MP: 3/3
  1289 | D:2      | Reached skill level 2 in Maces & Flails
  1664 | D:2      | Noticed Robin
  1671 | D:2      | Killed Robin
  1671 | D:2      | Reached XP level 4. HP: 36/48 MP: 4/4
  1918 | D:2      | Noticed a phantom
  1941 | D:2      | Killed a phantom
  1941 | D:2      | Reached skill level 3 in Maces & Flails
  1941 | D:2      | Reached XP level 5. HP: 33/55 MP: 5/5
  2100 | D:2      | Reached skill level 4 in Maces & Flails
  2299 | D:2      | Reached skill level 5 in Fighting
  2531 | D:2      | Reached XP level 6. HP: 66/66 MP: 6/6
  2753 | D:3      | Reached skill level 5 in Throwing
  3115 | D:3      | Reached skill level 5 in Maces & Flails
  3848 | D:4      | Reached skill level 6 in Maces & Flails
  4063 | D:4      | Found a staircase to the Ecumenical Temple.
  4070 | Temple   | Entered the Ecumenical Temple
  4316 | Temple   | Became a worshipper of Trog the Wrathful
  4338 | D:4      | Reached skill level 7 in Maces & Flails
  4338 | D:4      | Reached XP level 7. HP: 51/72 MP: 7/7
  4525 | D:5      | Entered Level 5 of the Dungeon
  4709 | D:5      | Reached skill level 8 in Maces & Flails
  5073 | D:6      | Found Lohe's Book Shoppe.
  5082 | D:6      | Reached skill level 9 in Maces & Flails
  5185 | D:6      | Noticed Wizop's ghost (novice TeCj)
  5208 | D:7      | Reached XP level 8. HP: 45/80 MP: 8/8
  5548 | D:7      | Reached skill level 10 in Maces & Flails
  5603 | D:7      | Found a snail-covered altar of Cheibriados.
  5850 | D:7      | Found a sand-covered staircase.
  5857 | Ossuary  | Entered an ossuary
  5878 | Ossuary  | Reached * piety under Trog
  5945 | Ossuary  | Reached skill level 11 in Maces & Flails
  6682 | D:7      | Noticed Joseph
  6710 | D:7      | Killed Joseph
  6710 | D:7      | Reached skill level 12 in Maces & Flails
  6710 | D:7      | Reached XP level 9. HP: 70/96 MP: 9/9
  7637 | D:8      | Reached ** piety under Trog
  7701 | D:8      | Reached skill level 13 in Maces & Flails
  7998 | D:9      | Reached skill level 10 in Fighting
  8130 | D:9      | Noticed a two-headed ogre
  8138 | D:9      | Killed a two-headed ogre
  8164 | D:9      | Noticed a troll
  8171 | D:9      | Killed a troll
  8171 | D:9      | Reached XP level 10. HP: 98/111 MP: 10/10
  8863 | D:9      | Reached skill level 14 in Maces & Flails
  9715 | D:10     | Entered Level 10 of the Dungeon
  9715 | D:10     | Found a staircase to the Orcish Mines.
  9977 | D:10     | Noticed an ogre mage
 10098 | D:9      | Killed an ogre mage
 10098 | D:9      | Reached skill level 15 in Maces & Flails
 10147 | D:10     | Reached *** piety under Trog
 10147 | D:10     | Reached XP level 11. HP: 116/126 MP: 11/11
 10315 | D:10     | Reached skill level 1 in Armour
 10407 | D:10     | Noticed a hill giant
 10419 | D:10     | Killed a hill giant
 10597 | D:10     | Found Golloquw's Armour Shop.
 10874 | D:10     | Noticed a green ugly thing
 10881 | D:10     | Killed a green ugly thing
 10903 | D:10     | Reached skill level 16 in Maces & Flails
 11560 | D:11     | Found a staircase to the Lair.
 12015 | D:11     | Noticed Grum
 12032 | D:11     | Killed Grum
 12155 | D:11     | Noticed Sonja
 12254 | D:11     | Paralysed by a hornet for 3 turns
 12259 | D:11     | Paralysed by a hornet for 1 turns
 12535 | Lair:1   | Entered Level 1 of the Lair of Beasts
 12646 | Lair:1   | Received a gift from Trog
 12660 | Lair:1   | Reached skill level 5 in Armour
 12934 | Lair:1   | Reached skill level 17 in Maces & Flails
 12939 | Lair:1   | Reached XP level 12. HP: 124/136 MP: 12/12
 14326 | Lair:2   | Got a twitching golden ring
 14327 | Lair:2   | Identified the ring "Qoumner" {+Fly rElec MR- Int+5} (You found it on level 2 of the Lair of Beasts)
 14566 | Lair:2   | Received a gift from Trog
 15019 | Lair:2   | Reached skill level 18 in Maces & Flails
 16172 | Lair:4   | Reached **** piety under Trog
 16365 | Lair:4   | Found a staircase to the Snake Pit.
 16540 | Lair:4   | Reached XP level 13. HP: 144/144 MP: 13/13
 16720 | Lair:4   | Reached skill level 19 in Maces & Flails
 17357 | Lair:4   | Found a staircase to the Swamp.
 18051 | Lair:5   | Received a gift from Trog
 18224 | Lair:5   | Found a staircase to the Slime Pits.
 18227 | Lair:5   | Found a viscous altar of Jiyva.
 18546 | Lair:6   | Entered Level 6 of the Lair of Beasts
 18859 | Lair:5   | Reached ***** piety under Trog
 18859 | Lair:5   | Reached skill level 20 in Maces & Flails
 18900 | Lair:5   | Reached skill level 10 in Armour
 19723 | Lair:6   | Paralysed by a hornet for 2 turns
 19732 | Lair:6   | Paralysed by a hornet for 2 turns
 19853 | Lair:6   | Reached XP level 14. HP: 153/153 MP: 14/14
 19930 | Lair:6   | Received a gift from Trog
 19963 | Lair:6   | Paralysed by a hornet for 1 turns
 19969 | Lair:6   | Paralysed by a hornet for 1 turns
 20191 | Lair:6   | Reached skill level 5 in Dodging
 20374 | Lair:5   | Reached skill level 21 in Maces & Flails
 21800 | D:12     | Received a gift from Trog
 22028 | D:12     | Received a gift from Trog
 22055 | D:12     | Noticed Kirke
 22458 | D:12     | Reached skill level 22 in Maces & Flails
 22504 | D:12     | Reached XP level 15. HP: 159/159 MP: 15/15
 22779 | D:12     | Killed Kirke
 23440 | Orc:1    | Entered Level 1 of the Orcish Mines
 23809 | Orc:1    | Received a gift from Trog
 23922 | Orc:1    | Received a gift from Trog
 24104 | Orc:1    | Found a roughly hewn altar of Beogh.
 24252 | Orc:2    | Entered Level 2 of the Orcish Mines
 24584 | Orc:2    | Noticed Donald
 24934 | Orc:2    | Killed Donald
 25119 | Orc:2    | Found a staircase to the Elven Halls.
 25217 | Orc:2    | Found Obabi's Distillery.
 25696 | Orc:2    | Found Heahoil's Antique Armour Emporium.
 25696 | Orc:2    | Found Ixell's Book Shop.
 25701 | Orc:2    | Found Juem's Food Emporium.
 25701 | Orc:2    | Found Ydwo Taf's Distillery.
 25712 | Orc:2    | Bought a manual of Maces & Flails for 1324 gold pieces
 25714 | Orc:2    | Bought a potion of invisibility for 112 gold pieces
 25714 | Orc:2    | Bought a potion of heal wounds for 70 gold pieces
 25714 | Orc:2    | Bought a potion of might for 56 gold pieces
 25714 | Orc:2    | Bought a potion of heal wounds for 70 gold pieces
 25765 | Orc:2    | Bought 2 potions of heal wounds for 150 gold pieces
 25765 | Orc:2    | Bought a potion of heal wounds for 75 gold pieces
 25765 | Orc:2    | Bought a potion of might for 60 gold pieces
 25975 | Swamp:1  | Entered Level 1 of the Swamp
 26296 | D:13     | Reached skill level 23 in Maces & Flails
 26447 | D:13     | Reached skill level 10 in Dodging
 26846 | D:13     | Received a gift from Trog
 27024 | D:13     | Reached ****** piety under Trog
 27241 | D:14     | Received a gift from Trog
 27438 | D:14     | Reached skill level 24 in Maces & Flails
 27510 | D:14     | Reached XP level 16. HP: 157/169 MP: 16/16
 27684 | D:14     | Found a gate to the Vaults.
 27918 | D:15     | Entered Level 15 of the Dungeon
 28080 | D:15     | Found a shattered altar of Ashenzari.
 28187 | D:15     | Found a staircase to the Depths.
 28457 | D:15     | Noticed Nessos
 28463 | D:15     | Killed Nessos
 28916 | Swamp:1  | Received a gift from Trog
 29021 | Swamp:1  | Noticed Roxanne
 29035 | Swamp:1  | Killed Roxanne
 29036 | Swamp:1  | Identified Roxanne's Incunabulum of Transmutation (You took it off Roxanne on level 1 of the Swamp)
 29105 | Swamp:1  | Reached skill level 25 in Maces & Flails
 29784 | Swamp:2  | Noticed a thorn hunter
 29794 | Swamp:2  | Killed a thorn hunter
 30441 | Swamp:3  | Found a frozen archway.
 30450 | IceCv    | Entered an ice cave
 30468 | IceCv    | Received a gift from Trog
 30505 | IceCv    | Reached skill level 26 in Maces & Flails
 30663 | IceCv    | Noticed max's ghost (novice MiFi)
 30670 | IceCv    | Killed max's ghost
 30932 | IceCv    | Received a gift from Trog
 31071 | IceCv    | Noticed an Ice Fiend
 31103 | IceCv    | Killed an Ice Fiend
 31428 | Swamp:3  | Noticed Jorgrun
 31435 | Swamp:3  | Killed from afar by Jorgrun

Vault maps used:
D:1:      sevenhm_arrival_forest_fort_large_2
D:2:      uniq_robin
D:3:      first_bread
D:4:      kennysheep_big_flooded_room
D:6:      serial_shops, shop_fountains, uniq_eustachio
D:7:      chequers_ossuary_entry_cave, cheibriados_altar_1, uniq_joseph
D:8:      cheibrodos_quashed
D:10:     minmay_twisted_water, serial_shops, kennysheep_little_box,
          kennysheep_generic_room_15
D:11:     lair_0_dummy, uniq_sonja, uniq_grum
D:12:     kennysheep_windowed_halls, uniq_kirke
D:14:     grunt_vaults_entry_fortified, serial_bayou_shore_b
D:15:     hangedman_depths_entry_try_elsewhere_first, evilmike_ruin_ashenzari,
          spider_trap, uniq_nessos
Temple:   nicolae_temple_the_god_donut
Lair:1:   serial_bayou, serial_bayou_pond_d, serial_bayou_lake_a,
          serial_bayou_ford_a, serial_bayou_shore_a,
          eino_small_chamber_without_monster, grunt_megastairs_2
Lair:2:   minmay_lair_oklob_items
Lair:3:   infiniplex_staircase_pool
Lair:4:   minmay_swamp_entry_worms, minmay_snake_entry_six_corridors
Lair:5:   slime_altar_1, eino_small_chamber_without_monster,
          lemuel_fruit_fields, grunt_megastairs_5
Lair:6:   gammafunk_lair_ancient_temple, minmay_lindwurm_lava
Swamp:1:  evilmike_swamp_ruin_house_5, uniq_roxanne
Swamp:2:  hangedman_swamp_pad
Swamp:3:  portal_ice_cave_entry_pillars_1, evilmike_swamp_ruin_house_6,
          swamp_pool1, hangedman_swamp_wriggling, uniq_jorgrun
Orc:1:    minmay_orc_temple_c
Orc:2:    grunt_orc_tribal_feast, serial_shops, shop, uniq_donald
Ossuary:  ossuary_minmay_tomb_2a
IceCv:    ice_cave_caverns_03

Skill      XL: |  1  2  3  4  5  6  7  8  9 10 11 12 13 14 15 16 |
---------------+-------------------------------------------------+-----
Fighting       | 3 4 5 8 10 12 13 | 13.0
Maces & Flails | 1 2 3 4 7 9 12 13 15 17 18 20 22 24 26 | 26.2
Throwing       | 5 |  5.0
Armour         | 5 8 10 | 10.7
Dodging        | 3 8 10 12 | 12.0
Stealth        | |  0.6

Action                   |  1- 3 |  4- 6 |  7- 9 | 10-12 | 13-15 | 16-18 || total
-------------------------+-------+-------+-------+-------+-------+-------++-------
Melee: Short sword       |     8 |       |       |       |       |       ||     8
       Whip              |    84 |   213 |   424 |   300 |       |       ||  1021
       Morningstar       |       |       |       |   489 |   251 |       ||   740
       Giant spiked club |       |       |       |       |   865 |   419 ||  1284
Throw: Large rock        |       |     5 |       |       |     3 |       ||     8
Invok: Berserk           |       |       |       |    10 |    10 |     1 ||    21
       Trog's Hand       |       |       |       |     8 |    11 |     2 ||    21
       Burn Spellbooks   |       |       |       |     1 |     2 |     5 ||     8
       Brothers in Arms  |       |       |       |       |     1 |       ||     1
 Abil: Evoke Flight      |       |       |       |       |     2 |       ||     2
Evoke: Wand              |       |       |       |       |     4 |       ||     4
  Use: Scroll            |     2 |     8 |    10 |     9 |    23 |     5 ||    57
       Potion            |       |       |       |     1 |     2 |       ||     3
 Stab: Sleeping          |       |     1 |       |     1 |       |       ||     2
       Distracted        |       |       |       |       |     1 |       ||     1
  Eat: Chunk             |     2 |     8 |    12 |    29 |    42 |    10 ||   103
       Meat ration       |       |       |       |     1 |       |       ||     1
       Pizza             |       |       |       |     3 |       |     3 ||     6
       Royal jelly       |       |       |       |     1 |       |     1 ||     2
       Fruit             |       |       |       |       |     9 |       ||     9
       Beef jerky        |       |       |       |       |     1 |       ||     1
Armor: Robe              |    19 |       |       |       |       |       ||    19
       Animal skin       |       |    44 |   109 |    31 |       |       ||   184
       Troll leather arm |       |       |       |   139 |   326 |       ||   465
       Swamp dragon scal |       |       |       |       |    65 |   201 ||   266
Dodge: Dodged            |    51 |    80 |   142 |   253 |   614 |   269 ||  1409
